 Dungeon Crawl Stone Soup version 0.24-a0-244-ga6a6ab7d13 (webtiles) character file.

Game seed: 13090056180557116739

21 Redear the Skirmisher (level 2, -1/19 HPs)
             Began as a Gargoyle Monk on Apr 11, 2019.
             Killed from afar by a dart slug (6 damage)
             ... with a slug dart
             ... on level 1 of the Dungeon.
             The game lasted 00:02:15 (594 turns).

Redear the Skirmisher (Gargoyle Monk)                Turns: 594, Time: 00:02:16

Health: -1/19      AC:  5    Str: 14    XL:     2   Next: 87%
Magic:  2/2        EV: 12    Int: 10    God:
Gold:   21         SH:  0    Dex: 12    Spells: 1/1 levels left

rFire    . . .     SeeInvis .   f - +0 dagger
rCold    . . .     Gourm    .   (no shield)
rNeg     + . .     Faith    .   c - +0 leather armour
rPois    ∞         Spirit   .   (no helmet)
rElec    +         Reflect  .   (no cloak)
rCorr    .         Harm     .   (no gloves)
MR       .....                  (no boots)
Stlth    ++........             (no amulet)
HPRegen  0.06/turn              (no ring)
MPRegen  0.08/turn              (no ring)

@: no status effects
A: negative energy resistance 1, electricity resistance, unbreathing,
petrification resistance, rot immunity, AC +2
a: no special abilities


You were on level 1 of the Dungeon.
You were not hungry.

You visited 1 branch of the dungeon, and saw 1 of its levels.

You collected 21 gold pieces.

Inventory:

Hand Weapons
 a - a +0 falchion
 f - a +0 dagger (weapon)
Armour
 b - a +0 robe
 c - a +0 leather armour (worn)
Jewellery
 g - an uncursed ring of fire {unknown}
Scrolls
 d - a scroll of teleportation {unknown}
 e - a scroll of fog {unknown}
 h - a scroll of remove curse {unknown}
 i - a scroll of identify {unknown}
 j - a scroll of fear {unknown}
Comestibles
 z - 2 rations


   Skills:
 + Level 3.6 Fighting
 + Level 3.0 Long Blades
 + Level 2.6 Dodging
 + Level 2.6 Stealth


You had one spell level left.
You didn't know any spells.
Your spell library was empty.

Dungeon Overview and Level Annotations

Branches:
Dungeon (1/15)

Altars:


Innate Abilities, Weirdness & Mutations

You are resistant to torment.
Your stone body is resilient. (AC +2)
You are immune to poison.
You resist negative energy. (rN+)
You are resistant to electric shocks. (rElec)
You can survive without breathing.
You are immune to petrification.
You are immune to rotting.


Message History

The dart slug is lightly wounded.
The rat closely misses you. The dart slug launches a dart at you.
The slug dart misses you.
You hit the dart slug.
The dart slug is moderately wounded.
The rat bites you.
* * * LOW HITPOINT WARNING * * *
You hit the dart slug.
The dart slug is heavily wounded.
The dart slug bites you but does no damage.
The rat barely misses you.
You barely miss the dart slug.
The dart slug is heavily wounded.
You hit the dart slug but do no damage.
The dart slug is heavily wounded.
The rat closely misses you. The dart slug launches a dart at you.
The slug dart hits you.
You die...

.......#≈≈≈.≈≈≈#..............#
(........≈...≈≈≈..............###
...†.........≈≈≈.......(.........
#†.(.........≈≈≈.†##############.
.........<....≈≈..# ### #...
######.......≈≈≈..# #.# #.## #
#.....(≈≈≈≈..# #.########.#
#.....≈≈≈≈≈..# #..........#
#.....≈≈≈≈#@.# ############
#...#######rw# #.... #.$.## #####
#....# #r.........# #.###...#.##
....%#... .....#..#.# ......>
..#.#


You could see a dart slug and a rat.

Vanquished Creatures
  2 dart slugs (D:1)
  A leopard gecko (D:1)
  A giant cockroach (D:1)
  4 goblins (D:1)
  2 hobgoblins (D:1)
  A ball python (D:1)
  2 bats (D:1)
  2 kobolds (D:1)
  A rat (D:1)
16 creatures vanquished.

Notes
Turn   | Place    | Note
-------+----------+-------------------------------------------
     0 | D:1      | Redear the Gargoyle Monk began the quest for the Orb.
     0 | D:1      | Reached XP level 1. HP: 14/14 MP: 1/1
    41 | D:1      | Reached XP level 2. HP: 7/19 MP: 2/2
   420 | D:1      | HP: 1/19 [dart slug/slug dart (4)]
   555 | D:1      | Reached skill level 3 in Long Blades
   594 | D:1      | Killed from afar by a dart slug

Levels and vault maps discovered:
D:1:      dpeg_arrival_pond, layout_basic, minmay_tiny_reverse_x

Skill      XL: |  1  2 |
---------------+-------+-----
Long Blades    | 3 |  3.0
Fighting       | |  3.6
Dodging        | |  2.6
Stealth        | |  2.6

Action                   || total
-------------------------++-------
Melee: Falchion          ||    44
       Dagger            ||    25
Armor: Leather armour    ||    29
Dodge: Dodged            ||    66
       Rpst.: Falchion   ||     9

Table legend:
 A = Non-vault XP
 B = Vault XP
 C = Vault XP percentage of total XP
 D = Non-vault monster count
 E = Vault monster count
 F = Vault count percentage of total count
                 A         B        C        D         E       F
            +---------+---------+-------+---------+---------+-------
      Total |      26 |       5 |  16.1 |      14 |       2 |  12.5
            +---------+---------+-------+---------+---------+-------
        D:1 |      26 |       5 |  16.1 |      14 |       2 |  12.5
            +---------+---------+-------+---------+---------+-------
